Cogmind - Beta 13 X1 @@@ ROGUE MODE // 2023.10.16 @ 21:19:44 Player: Terminus Result: Destroyed by G-73 Enforcer with Phase Gun Performance ------------- Evolutions (8) 4000 Regions Visited (31) 6200 Robots Destroyed (624) 3120 Value Destroyed (27844) 27844 Prototype IDs (219) 4380 Alien Tech Used (0) 0 Bonus (24331) 24331 TOTAL SCORE: 69875 Bonus ------- Triggered High Security 1000 High Alert Combat Kills 9257 Follower Combat Kills 3492 Network Hubs Disabled 200 Met Data Miner 300 Used Data Conduit 3000 Met Imprinter 300 MAIN.C Attacked Warlord 500 Warlord Defense Kills 4538 Built Enhanced Grunts 300 Met R17 at Cetus 500 Met R17 at Research 2000 Scanned by Researcher 500 Pursued by Intercept 2000 Friendly Fire -3556 Cogmind --------- Core Integrity 0/1450 Matter 300/300 Energy 100/100 System Corruption 32% Temperature Cool (0) Movement Core (50) Location -2/Research Parts ------- > --- POWER (3) -------- (None) > --- PROPULSION (4) --- (None) > --- UTILITY (11) ----- Experimental Targeting Computer Experimental Core Analyzer > --- WEAPON (5) ------- (None) > --- INVENTORY (5) ---- YI-UF0's Bottomless Matter Pit (976) Long-range Tractor Beam Long-range Tractor Beam Nova Cannon Advanced KE Penetrator Peak State ------------ > --- POWER ------------ Improved Quantum Reactor Vortex Chain Reactor > --- PROPULSION ------- Heavy Siege Treads Centrium Heavy Treads > --- UTILITY ---------- Huge Storage Unit Long-range Sensor Array Advanced Signal Interpreter Experimental Targeting Computer Experimental Core Analyzer Advanced Weapon Cycler Experimental Phase Shifter Active Cooling Armor Advanced Force Field > --- WEAPON ----------- Nova Cannon Advanced KE Penetrator Advanced KE Penetrator Helical Railgun Helical Railgun > --- INVENTORY -------- Antimatter Reactor Particle Reactor Heavy Siege Treads Centrium Heavy Treads Advanced Power Amplifier Advanced Cooling System YI-UF0's Bottomless Matter Pit Experimental Armor Integrity Analyzer Improved Heavy Armor Plating Layered Medium Armor Plating Layered Medium Armor Plating Medium Reflective Plating Improved Focal Shield Long-range Tractor Beam Long-range Tractor Beam Core Reset Matrix Subatomic Replicator Advanced Variable Charge Gun Nova Cannon Coil Gun Coil Gun Advanced KE Penetrator [Rating: 203] Favorites ----------- Power Heavy Deuterium Engine Engine Heavy Deuterium Engine Power Core Neutrino Core Reactor Quantum Reactor Propulsion Armored Treads Treads Armored Treads Leg Myomer Leg Wheel Compact Wheel Utility Huge Storage Unit Device Cooling System Storage Huge Storage Unit Processor Core Analyzer Hackware Hacking Suite Protection Light Armor Plating Weapon Enhanced Autogun Energy Gun Small Laser Energy Cannon Nova Cannon Ballistic Gun Enhanced Autogun Ballistic Cannon Light Cannon Launcher Heavy Missile Launcher Impact Weapon Power Maul Piercing Weapon Makeshift Spear Build | -11 -10 -9 -9 -9 -8 -8 -7 -7 -7 -7 -6 -6 -6 -6 -6 -6 -6 -5 -5 -5 -5 -5 -5 -4 -4 -4 -4 -3 -3 -3 -2 ------- Run | Jun Mat Mat Min Exi Min Mat Fac Low Low Zio Pro Fac Was Fac Low Low Dat Pro Fac Ext Cet Arc Hub Fac Upp Upp War Pro Res Qua Res Slots Evolved 16 | . . 2 . . . 2 2 . . . . 2 . . . . . . 2 . . . . 2 . . . . 2 . 2 Power 2 | . . . . . . . . . . . . . . . . . . . 1 . . . . . . . . . 1 . . Propulsion 2 | . . . . . . 1 1 . . . . . . . . . . . . . . . . . . . . . . . . Utility 9 | . . 1 . . . 1 . . . . . 2 . . . . . . 1 . . . . 2 . . . . 1 . 1 Weapon 3 | . . 1 . . . . 1 . . . . . . . . . . . . . . . . . . . . . . . 1 Parts Attached 555 | 6 19 34 4 3 2 34 33 3 6 9 19 30 14 21 3 . 6 9 30 30 17 12 15 28 6 13 36 5 16 15 77 Power 27 | 1 5 5 . . . 2 1 . . 1 . 1 . . . . . . 1 . 2 . . 1 . . 1 . 2 1 3 Engine 17 | 1 5 5 . . . 2 1 . . 1 . 1 . . . . . . . . 1 . . . . . . . . . . Core 1 | . . . . . . . . . . . . . . . . . . . . . . . . 1 . . . . . . . Reactor 9 | . . . . . . . . . . . . . . . . . . . 1 . 1 . . . . . 1 . 2 1 3 Propulsion 56 | 2 3 8 . . 1 10 2 . . . 3 1 3 1 . . . . 2 1 2 4 . . . . 1 . 5 . 7 Treads 49 | 2 2 8 . . . 9 2 . . . 3 1 3 1 . . . . 2 1 2 4 . . . . 1 . 5 . 3 Leg 4 | . . . . . . . . . . . . . . . . . . . . . . . . . . . . . . . 4 Wheel 3 | . 1 . . . 1 1 . . . . . . . . . . . . . . . . . . . . . . . . . Hover . | . . . . . . . . . . . . . . . . . . . . . . . . . . . . . . . . Flight . | . . . . . . . . . . . . . . . . . . . . . . . . . . . . . . . . Utility 321 | 1 5 8 4 . 1 6 24 2 6 1 7 17 5 9 2 . 3 9 18 22 7 8 15 25 6 11 23 5 6 11 54 Device 231 | . 2 5 1 . . . 15 1 4 . 3 5 4 7 1 . 2 7 14 18 6 7 11 18 6 10 15 4 5 8 52 Storage 10 | 1 2 2 1 . . 2 . . . . . . . . . . . . . . . . . . . . 1 . 1 . . Processor 9 | . . . . . . . . . . . . 2 1 . . . . . 1 1 . . . 1 . 1 1 1 . . . Hackware 4 | . . . . . . 1 . . . 1 . 1 . . . . . . . . . . . 1 . . . . . . . Protection 67 | . 1 1 2 . 1 3 9 1 2 . 4 9 . 2 1 . 1 2 3 3 1 1 4 5 . . 6 . . 3 2 Artifact . | . . . . . . . . . . . . . . . . . . . . . . . . . . . . . . . . Weapon 151 | 2 6 13 . 3 . 16 6 1 . 7 9 11 6 11 1 . 3 . 9 7 6 . . 2 . 2 11 . 3 3 13 Energy Gun 13 | . 3 1 . . . . . . . . . . 1 . . . 1 . 3 1 . . . . . . 2 . 1 . . Energy Cannon 4 | . . . . . . . . . . . 1 . . 1 . . . . . . . . . . . . . . . . 2 Ballistic Gun 116 | 2 2 12 . 3 . 11 5 1 . 7 4 8 5 6 1 . 2 . 6 6 6 . . 2 . 2 9 . 2 3 11 Ballistic Cannon 1 | . 1 . . . . . . . . . . . . . . . . . . . . . . . . . . . . . . Launcher 9 | . . . . . . 5 . . . . . 1 . 3 . . . . . . . . . . . . . . . . . Special Weapon . | . . . . . . . . . . . . . . . . . . . . . . . . . . . . . . . . Impact Weapon 7 | . . . . . . . 1 . . . 3 2 . 1 . . . . . . . . . . . . . . . . . Slashing Weapon . | . . . . . . . . . . . . . . . . . . . . . . . . . . . . . . . . Piercing Weapon 1 | . . . . . . . . . . . 1 . . . . . . . . . . . . . . . . . . . . Special Melee Weapon . | . . . . . . . . . . . . . . . . . . . . . . . . . . . . . . . . Unidentified Prototypes 13 | . . 2 1 . . 2 . . . . . 2 . 4 . . . . . . 1 . . 1 . . . . . . . Corrupted Parts 7 | . . . . . . . . . . . . . . . . . . . . . 3 2 . . . . 1 . 1 . . System Corruption 37 | . . . . . . . . . . . . . . . . . . . . . 17 12 . . . . 4 . 4 . . Parts Lost 76 | . 9 2 1 . 2 4 3 . . . 3 1 2 1 . . 1 . 2 4 1 . . . . 2 4 . . 1 33 Power 9 | . 3 . . . . 1 1 . . . . . . . . . . . . . . . . . . . . . . . 4 Propulsion 19 | . 3 1 . . 1 2 . . . . 2 . 1 . . . . . . 1 . . . . . . 1 . . . 7 Utility 22 | . 1 . 1 . 1 1 1 . . . 1 . . . . . 1 . . 2 . . . . . . 1 . . 1 11 Weapon 26 | . 2 1 . . . . 1 . . . . 1 1 1 . . . . 2 1 1 . . . . 2 2 . . . 11 Highest Loss Streak 20 | . 5 1 1 . 2 1 1 . . . 3 1 2 1 . . 1 . 2 1 1 . . . . 1 3 . . 1 20 To Critical Strikes . | . . . . . . . . . . . . . . . . . . . . . . . . . . . . . . . . Average Slot Usage (%) 92 | . 86 99 100 96 99 99 99 100 100 97 99 99 93 91 86 86 84 86 83 81 82 85 83 88 89 89 88 89 84 84 75 Engine 5 | . 13 11 11 11 11 8 6 7 7 7 7 6 6 6 6 6 6 6 5 5 5 5 5 1 . . . . . . . Reactor 2 | . . . . . . . . . . . . . . . . . . . 5 5 5 5 5 5 5 5 7 10 9 9 7 Treads 17 | . 22 10 11 11 11 26 29 30 30 30 29 26 20 18 13 13 13 13 11 11 11 11 11 10 10 10 10 10 9 9 7 Wheel 1 | . 4 11 11 11 10 . . . . . . . . . . . . . . . . . . . . . . . . . . Device 11 | . 1 11 11 11 11 9 13 14 14 15 13 12 13 11 6 6 6 6 11 10 5 11 4 9 10 10 10 10 13 18 15 Storage 6 | . 14 11 11 11 11 9 7 7 7 7 7 6 6 6 6 6 6 6 5 5 5 5 5 5 5 5 5 5 4 4 3 Processor 7 | . . . . . . . . . . . . 6 13 13 13 13 13 13 11 11 17 17 17 15 15 15 15 20 19 19 13 Hackware 3 | . . . . . . 8 7 7 7 7 2 5 6 6 6 6 6 6 1 . . . . 4 5 5 5 5 4 . . Protection 5 | . . 11 11 11 10 8 1 . . . 5 7 . . 5 6 5 6 5 5 5 2 6 9 10 10 9 5 4 4 3 Ballistic Gun 25 | . 16 33 33 29 33 26 29 30 30 27 29 25 24 25 25 26 23 26 22 22 23 23 23 21 21 21 20 21 18 18 20 Naked Turns . | . . . . . . . . . . . . . . . . . . . . . . . . . . . . . . . . Heaviest Build 220 | 13 33 105 105 101 101 111 114 115 106 106 131 131 108 125 112 112 115 115 151 162 156 157 156 169 156 156 158 152 182 189 220 Greatest Support 160 | 40 40 16 16 16 16 65 80 80 80 80 82 90 128 145 145 145 145 145 150 150 160 160 160 160 160 160 160 160 160 150 150 Greatest Overweight (x) 6 | 2 2 6 6 6 6 6 1 1 1 1 1 1 1 . . . . . 1 1 . . . 1 . . . . 1 1 3 Average Overweight (x) 1 | . . 5 6 5 6 1 1 1 1 1 1 1 . . . . . . . . . . . . . . . . 1 1 . Largest Inventory Capacity 25 | 8 15 25 25 25 25 25 25 25 25 25 25 25 25 25 25 25 25 25 25 25 25 25 25 25 25 25 25 25 25 25 25 Average Capacity 24 | 6 11 24 25 25 25 25 25 25 25 25 25 25 25 25 25 25 25 25 25 25 25 25 25 25 25 25 25 25 25 25 24 Most Carried 25 | 1 15 25 25 25 25 25 25 25 25 25 25 25 25 25 25 25 25 25 25 25 25 25 25 25 25 25 25 20 23 25 25 Average Carried 23 | . 7 23 24 24 24 24 24 24 24 24 24 24 24 24 25 25 24 24 24 24 24 24 25 24 25 24 24 19 20 24 23 Final Capacity 25 | 8 15 25 25 25 25 25 25 25 25 25 25 25 25 25 25 25 25 25 25 25 25 25 25 25 25 25 25 25 25 25 5 Final Carried 25 | 1 15 25 25 24 23 25 25 25 25 25 25 25 25 25 25 25 25 25 25 25 25 25 25 25 25 25 20 20 23 25 5 Class Distribution -------------------- 36% | Scavenger-Gunner 18% | Tank 14% | Scavenger-Skirmisher 12% | Gunner 6% | Scavenger-Tank 4% | Mutant 3% | Commander-Tank Dominant Class ---------------- Mutant | -10/Materials Tank | -9/Materials Tank | -9/Mines Tank | -9/Exiles Tank | -8/Mines Tank | -8/Materials Skirmisher | -7/Factory Scavenger-Skirmisher | -7/Lower Caves Scavenger-Skirmisher | -7/Lower Caves Scavenger-Skirmisher | -7/Zion Commander-Tank | -6/Proximity Caves Scavenger-Gunner | -6/Factory Gunner | -6/Waste Gunner | -6/Factory Gunner | -6/Lower Caves Gunner | -6/Lower Caves Scavenger-Gunner | -6/Data Miner Gunner | -5/Proximity Caves Gunner | -5/Factory Scavenger-Gunner | -5/Extension Scavenger-Gunner | -5/Cetus Scavenger-Gunner | -5/Archives Scavenger-Gunner | -5/Hub_04(d) Scavenger-Gunner | -4/Factory Scavenger-Gunner | -4/Upper Caves Scavenger-Gunner | -4/Upper Caves Scavenger-Gunner | -4/Warlord Scavenger-Gunner | -3/Proximity Caves Scavenger-Gunner | -3/Research Scavenger-Gunner | -3/Quarantine Scavenger-Gunner | -2/Research Resources | -11 -10 -9 -9 -9 -8 -8 -7 -7 -7 -7 -6 -6 -6 -6 -6 -6 -6 -5 -5 -5 -5 -5 -5 -4 -4 -4 -4 -3 -3 -3 -2 ----------- Run | Jun Mat Mat Min Exi Min Mat Fac Low Low Zio Pro Fac Was Fac Low Low Dat Pro Fac Ext Cet Arc Hub Fac Upp Upp War Pro Res Qua Res Matter Collected 28238 | 255 357 1385 529 800 368 2076 1697 132 251 137 1415 804 1100 1497 41 19 272 372 904 1677 579 390 575 753 262 298 1206 492 340 903 6352 Remotely 6499 | . . . . . . . 667 . . . . . . 939 . . . 89 119 106 . . 400 334 . 202 251 . . 263 3129 Salvage Created 38356 | . 1071 1818 176 . 398 3628 1488 68 276 65 669 847 1568 1274 . . 363 348 904 1808 808 420 1621 1350 635 537 2573 267 170 1180 12026 Parts 1792 | . 63 141 13 . 24 174 73 7 13 6 29 43 27 63 . . 13 19 55 67 56 35 69 65 33 37 110 13 8 65 471 Haulers Intercepted 23 | . 2 4 . . . 6 1 . . . . 1 . 2 . . . . . . . . 1 3 . . . . 1 . 2 Recyclers Shooed 20 | . 2 4 . . . 1 . . . . 1 1 . 1 . . . . . 3 . . . 1 . . . . . . 6 Parts Field Recycled . | . . . . . . . . . . . . . . . . . . . . . . . . . . . . . . . . Retrieved Matter . | . . . . . . . . . . . . . . . . . . . . . . . . . . . . . . . . Parts Self-Destructed 181 | . . . . . . . . 6 13 5 57 . . . . . . 18 . . . . . . 33 36 . 13 . . . Prevented 2 | . . . . . . . . . . . . . . . . . . 2 . . . . . . . . . . . . . Kills | -11 -10 -9 -9 -9 -8 -8 -7 -7 -7 -7 -6 -6 -6 -6 -6 -6 -6 -5 -5 -5 -5 -5 -5 -4 -4 -4 -4 -3 -3 -3 -2 ------- Run | Jun Mat Mat Min Exi Min Mat Fac Low Low Zio Pro Fac Was Fac Low Low Dat Pro Fac Ext Cet Arc Hub Fac Upp Upp War Pro Res Qua Res Combat Hostiles Destroyed 467 | . 11 29 4 . 10 47 26 3 6 1 10 11 6 25 . . 4 8 14 23 9 1 13 12 9 7 35 3 . 11 129 Melee 2 | . . . . . . . . . . . . . . . . . . . . 1 . . . . . . 1 . . . . Guns 435 | . 11 29 4 . 9 34 26 3 6 1 10 11 6 10 . . 4 8 14 22 9 1 13 12 9 7 33 3 . 11 129 AOE 26 | . . . . . 1 10 . . . . . . . 15 . . . . . . . . . . . . . . . . . Classes Destroyed 26 | . 9 2 . . 1 1 2 . . 2 2 1 1 2 . . . . . . . . . . . . 1 . . . 2 Worker 42 | . 6 5 1 . 3 5 . . . . . 1 . 2 . . . . 1 1 . . 4 2 . . . . . . 11 Builder 28 | . 1 5 . . . 5 1 . . . . 2 . 1 . . . . . . . . 2 . . . . . . . 11 Tunneler 11 | . 1 . 1 . . 3 1 . . . . . . 1 . . . . 1 . . . . . . . . . . . 3 Hauler 23 | . 2 4 . . . 6 1 . . . . 1 . 2 . . . . . . . . 1 3 . . . . 1 . 2 Recycler 27 | . 6 2 . . . 4 1 . . . 2 2 . . . . . . . 3 . . 2 . . . . . . . 5 Mechanic 10 | . . 1 . . . 3 1 . . . . . . 2 . . . . . . . . . . . . 1 . . 1 1 Operator 16 | . 1 2 . . . 4 . . . . . . . . . . . . . . . 8 . . . . . . . 1 . Drone 2 | . . . . . . . . . . . 2 . . . . . . . . . . . . . . . . . . . . Watcher 35 | . 2 5 . . . 4 . . . . 2 . . 1 . . . . 1 3 1 . 3 3 . . . . 1 3 6 Swarmer 52 | . 3 9 1 . 4 3 2 3 . . 3 4 . . . . . 4 . 2 . . . 4 5 . 5 . . . . Saboteur 9 | . . . . . . . . . . . . . . 2 . . . . . . . . . . . . 2 . . . 5 Grunt 190 | . 8 11 3 . 5 32 16 . 3 . 1 1 . 14 . . . 2 . 11 3 . 6 1 3 2 13 . . 4 51 Brawler 22 | . . . . . . . . . . . . . . 1 . . . 1 . . . . 1 . . . 5 . . . 14 Duelist 19 | . . . . . 1 2 2 . . . . . . 1 . . . . . 1 . . . . . . 2 . . . 10 Protector 10 | . . . . . . . 1 . . . . . . 2 . . . . . . . . . . . . 2 . . . 5 Sentry 54 | . . 9 . . . 9 3 . . . 3 3 . . . . . 1 2 5 . 1 5 3 1 1 . 1 . 3 4 Specialist 2 | . . . . . . . . . . . . 2 . . . . . . . . . . . . . . . . . . . Hunter 24 | . . . . . . 1 . . . . . . . 2 . . . . . 1 . . 1 . . 2 1 2 . 2 12 Programmer 45 | . . . . . . . 2 . 3 . . 1 . 3 . . . . 10 1 . . . 2 . 2 1 . . 2 18 Heavy 2 | . . . . . . . . . . . . . . . . . . . . . . . . . . . . . . . 2 Behemoth 5 | . . . . . . . . . . . 1 . . . . . . . . 2 . . . . . . . . . . 2 Compactor 6 | . . . . . . . . . . . . . 6 . . . . . . . . . . . . . . . . . . Cetus Guard 6 | . . . . . . . . . . . . . . . . . . . . . 6 . . . . . . . . . . Enhanced Grunt 4 | . . . . . . . . . . . . . . . . . 4 . . . . . . . . . . . . . . Tracker 4 | . . . . . . . . . . . . . . . . . . . 1 . . . . 1 . . . . . . 2 Combat Programmer 4 | . . . . . . . . . . . . . . . . . . . 1 . . . . 1 . . . . . . 2 Investigator 1 | . . . . . . . . . . . . . . . . . . . . . . . . . . . . . . . 1 Executioner 6 | . . . . . . . . . . . . . . . . . . . . . . . . . . . 4 . . . 2 Zionite 1 | . . . . . . . . . . 1 . . . . . . . . . . . . . . . . . . . . . Tinkerer 1 | . . . . . . . . . . 1 . . . . . . . . . . . . . . . . . . . . . Surgeon 1 | . . . . . . . . . . . . . . 1 . . . . . . . . . . . . . . . . . Best Kill Streak 30 | . 4 6 2 . 4 11 5 2 3 1 4 3 2 12 . . 2 3 2 4 4 5 7 6 5 3 15 2 2 5 30 Combat Bots Only 28 | . 4 6 2 . 4 6 4 2 3 1 4 3 2 10 . . 2 3 2 4 3 1 4 4 5 3 14 2 . 3 28 Max Kills in Single Turn 4 | . 2 2 1 . 1 4 2 1 1 1 1 2 1 3 . . 1 2 1 2 2 1 3 3 3 2 3 1 1 2 3 Gunslinging 1 | . . 1 . . . . 1 . . . . 1 . 1 . . . . . 1 1 . 1 1 1 1 1 . . 1 1 Exploded 3 | . . . . . 1 3 . . . . . . . 3 . . . . . . . . . . . . . . . . . Melee 1 | . . . . . . . . . . . . . . . . . . . . 1 . . . . . . 1 . . . . Uniques/NPCs Destroyed 2 | . . . . . . . . . . 1 . . . . . . . . . . 1 . . . . . . . . . . Imprinter (-7/Zion) A7 (-5/Cetus) Combat | -11 -10 -9 -9 -9 -8 -8 -7 -7 -7 -7 -6 -6 -6 -6 -6 -6 -6 -5 -5 -5 -5 -5 -5 -4 -4 -4 -4 -3 -3 -3 -2 -------- Run | Jun Mat Mat Min Exi Min Mat Fac Low Low Zio Pro Fac Was Fac Low Low Dat Pro Fac Ext Cet Arc Hub Fac Upp Upp War Pro Res Qua Res Damage Taken 29090 | . 1327 744 89 . 420 1485 1199 57 264 . 1080 701 36 931 . . 547 122 1007 1160 407 99 647 674 83 906 3047 132 . 252 11674 Core 2904 | . 229 98 17 . 61 109 185 . 30 . 89 12 . 37 . . . . . 17 . . 25 70 . 19 417 . . 31 1458 Absorbed by Shields 5309 | . . . . . . . . . . . . . . . . . . . 367 371 157 . . . . . . . . 263 4151 Reduced by Siege Mode 1593 | . . . . . . . . . . . . . . 20 . . 81 10 76 46 22 . 47 22 4 35 79 3 . 21 1127 Ignored by Resistances 749 | . . . . . . 36 26 6 12 . 268 89 . . . . . . . 12 . . . 19 . . 81 . . . 200 Regen/Repaired (Parts) 2227 | . . . . . . 89 124 . . . . . 39 157 . . . . . . . . 7 193 46 201 687 . 684 . . Core Remaining (%) 71 | 100 8 . . . 56 80 . . . . 56 . . . . . . 94 . . . . 95 . . . . 56 . 97 . Volleys Fired 1267 | . 95 105 19 . 35 143 74 6 16 9 44 29 51 37 . . 30 12 50 65 25 16 28 27 13 10 63 6 5 35 219 Largest 5 | . 2 3 3 . 3 3 4 4 4 4 4 4 4 4 . . 4 4 4 4 4 4 4 4 4 4 4 4 4 4 5 Hottest 240 | . 70 69 69 . 69 75 99 99 99 99 99 96 225 100 . . 225 100 225 225 126 140 140 140 140 140 240 149 149 149 176 Shots Fired 4409 | . 185 315 58 . 105 385 257 24 55 36 169 113 179 115 1 1 81 47 185 253 85 62 106 108 42 39 217 23 14 140 1009 Gun 4372 | . 184 315 58 . 105 365 257 24 55 36 169 112 179 105 1 1 81 47 185 253 85 62 106 108 42 39 217 23 14 140 1004 Cannon 6 | . 1 . . . . . . . . . . . . . . . . . . . . . . . . . . . . . 5 Launcher 31 | . . . . . . 20 . . . . . 1 . 10 . . . . . . . . . . . . . . . . . Special . | . . . . . . . . . . . . . . . . . . . . . . . . . . . . . . . . Kinetic 4290 | . 129 315 58 . 105 365 257 24 55 36 169 112 177 105 1 1 68 47 181 252 85 62 106 108 42 39 211 23 13 140 1004 Thermal 88 | . 56 . . . . . . . . . . . 2 . . . 13 . 4 1 . . . . . . 6 . 1 . 5 Explosive 11 | . . . . . . . . . . . . 1 . 10 . . . . . . . . . . . . . . . . . Electromagnetic 20 | . . . . . . 20 . . . . . . . . . . . . . . . . . . . . . . . . . Robot Hit Streak 69 | . 14 15 7 . 22 19 11 4 4 6 11 16 24 12 . . 62 69 37 30 38 20 19 30 37 13 28 9 16 25 53 Robot Miss Streak 14 | . 3 9 3 . 3 5 5 5 6 5 14 4 2 3 . . . 1 6 3 1 1 3 1 1 3 5 1 . 1 3 Penetration Max 2 | . . . . . . . . . . . . . . . . . . . 1 1 1 1 1 1 2 . 2 . . 1 2 Secondary Targets 131 | . 1 2 . . 5 6 3 . 1 . 2 3 3 3 . . 1 . . 5 3 . 4 2 3 3 10 . . 3 68 Max Gunslinging Chain 2 | . 1 1 . . 1 1 1 . 1 . 1 1 1 1 . . 1 . . 1 1 . 1 1 1 1 2 . . 1 2 Shots Hit Robots 3046 | . 123 186 31 . 51 250 169 12 34 19 118 67 146 78 . . 61 30 137 199 75 44 66 78 27 31 132 11 7 65 799 Core Hits 1580 | . 55 77 10 . 19 138 99 9 22 9 58 29 26 98 . . 29 19 45 86 37 17 41 41 17 15 71 7 4 33 469 Critical Kills 80 | . . 2 . . . 3 1 . 1 . . 1 . . . . . . 1 1 5 4 10 3 2 3 9 1 . 4 29 Critical Parts Destroyed 92 | . 2 1 . . 1 1 . . . 1 . 1 . 1 . . . . 1 3 3 3 10 6 1 2 10 . . 4 41 Critical Strikes 184 | . 2 3 . . 1 4 1 . 1 1 . 2 . 1 . . . . 2 4 10 10 21 11 3 5 20 1 . 9 72 Destroy 184 | . 2 3 . . 1 4 1 . 1 1 . 2 . 1 . . . . 2 4 10 10 21 11 3 5 20 1 . 9 72 Melee Attacks 29 | . . . . . . . 5 . . . 16 6 . 2 . . . . . . . . . . . . . . . . . Impact 21 | . . . . . . . 5 . . . 8 6 . 2 . . . . . . . . . . . . . . . . . Slashing . | . . . . . . . . . . . . . . . . . . . . . . . . . . . . . . . . Piercing 8 | . . . . . . . . . . . 8 . . . . . . . . . . . . . . . . . . . . Sneak Attacks . | . . . . . . . . . . . . . . . . . . . . . . . . . . . . . . . . Combat Hostiles . | . . . . . . . . . . . . . . . . . . . . . . . . . . . . . . . . Follow-up Attacks . | . . . . . . . . . . . . . . . . . . . . . . . . . . . . . . . . Damage Inflicted 79284 | . 1346 2483 481 . 909 6048 2985 166 687 299 1963 1287 2553 4410 1 49 1075 557 2830 3849 1959 1391 2650 2594 854 948 4416 281 219 2098 27896 Guns 73494 | . 1274 2483 481 . 791 3947 2985 166 687 299 1963 1171 2553 1399 . . 1075 557 2797 3778 1959 1391 2579 2524 812 948 4416 281 219 2098 27861 Cannons 17 | . 17 . . . . . . . . . . . . . . . . . . . . . . . . . . . . . . Explosions 5420 | . 55 . . . 118 2088 . . . . . 105 . 2983 . . . . . . . . 71 . . . . . . . . Melee . | . . . . . . . . . . . . . . . . . . . . . . . . . . . . . . . . Ramming 353 | . . . . . . 13 . . . . . 11 . 28 1 49 . . 33 71 . . . 70 42 . . . . . 35 Kinetic 73054 | . 884 2483 481 . 791 3947 2985 166 687 299 1963 1171 2553 1399 . . 1025 557 2797 3778 1959 1391 2579 2524 812 948 4416 281 219 2098 27861 Thermal 900 | . 462 . . . 118 270 . . . . . . . . . . 50 . . . . . . . . . . . . . . Explosive 3088 | . . . . . . . . . . . . 105 . 2983 . . . . . . . . . . . . . . . . . Electromagnetic 1889 | . . . . . . 1818 . . . . . . . . . . . . . . . . 71 . . . . . . . . Impact . | . . . . . . . . . . . . . . . . . . . . . . . . . . . . . . . . Slashing . | . . . . . . . . . . . . . . . . . . . . . . . . . . . . . . . . Piercing . | . . . . . . . . . . . . . . . . . . . . . . . . . . . . . . . . Highest Corruption 32 | . 7 1 1 1 1 2 . . 1 1 1 3 3 3 3 3 3 3 8 8 25 25 7 . . 1 10 10 4 4 32 Average Corruption 4 | . 7 1 1 1 1 2 . . 1 1 1 2 3 3 3 3 3 3 2 8 18 12 6 . . 1 4 10 4 4 9 Corruption Purged 31 | . . . . . . . . . . . . . . . . . . . . . . 31 . . . . . . . . . Corruption Blocked . | . . . . . . . . . . . . . . . . . . . . . . . . . . . . . . . . Effects 473 | . 30 11 10 5 3 35 . . 5 . 5 9 15 16 10 10 12 19 9 61 26 24 12 . . 5 8 15 25 21 72 Message Errors 102 | . 6 2 3 3 1 11 . . . . . 1 3 3 3 2 5 5 3 10 4 8 4 . . . 1 2 7 3 12 Matter Fused 95 | . 5 4 3 1 1 10 . . . . 1 . 6 3 1 2 3 3 2 11 6 6 4 . . 1 1 1 5 5 10 Heat Flow Errors 48 | . 4 . . 1 1 1 . . . . 1 . . 2 3 2 1 2 . 7 3 3 1 . . . 1 3 3 3 6 Energy Discharges 52 | . 4 1 1 . . 3 . . 4 . . 1 2 3 . . 1 3 1 6 4 1 1 . . . . 3 3 1 9 Parts Rejected 5 | . 1 . . . . . . . . . . . 1 . . . . . . . 1 . . . . . 1 . . . 1 Parts Fused 7 | . . . . . . 1 . . . . . . . . . . . . . 3 . 1 . . . . . . . 1 1 Data Loss (minor) 56 | . 4 1 1 . . 3 . . . . 3 4 . 3 2 1 . 1 1 8 4 2 1 . . 3 . 2 5 4 3 Data Loss (major) 22 | . . 1 1 . . . . . 1 . . 1 1 1 . 1 . 1 . 3 1 . . . . . . 3 2 2 3 Misfires 16 | . 2 1 1 . . 1 . . . . . 1 1 . 1 1 1 1 . 4 . . . . . . . . . 1 . Alerts 12 | . 1 . . . . 3 . . . . . . . . . 1 . 1 . 1 . 1 1 . . . 1 . . . 2 Misdirections 1 | . . . . . . . . . . . . . . . . . . . . . . . . . . . 1 . . . . Weapon Failures 57 | . 3 1 . . . 2 . . . . . 1 1 1 . . 1 2 2 8 3 2 . . . 1 2 1 . 1 25 Overload Shots 12 | . . . . . . . . . . . . . 2 . . . 1 . 3 1 . . . . . . 5 . . . . Effects 3 | . . . . . . . . . . . . . . . . . 1 . 1 . . . . . . . 1 . . . . Energy Bleed 2 | . . . . . . . . . . . . . . . . . 1 . . . . . . . . . 1 . . . . Short Circuit 1 | . . . . . . . . . . . . . . . . . . . 1 . . . . . . . . . . . . Overflow Damage 184 | . 55 . . . . 35 . . . . . . . 12 . 42 . . . . . . 11 10 19 . . . . . . Projectiles . | . . . . . . . . . . . . . . . . . . . . . . . . . . . . . . . . Explosions 113 | . 55 . . . . 35 . . . . . . . 12 . . . . . . . . 11 . . . . . . . . Melee 71 | . . . . . . . . . . . . . . . . 42 . . . . . . . 10 19 . . . . . . Knockbacks 3 | . . . . . . . . . . . . . . . . . . . . 2 . . . . . . . . . . 1 Impact 3 | . . . . . . . . . . . . . . . . . . . . 2 . . . . . . . . . . 1 Kinetic . | . . . . . . . . . . . . . . . . . . . . . . . . . . . . . . . . Secondary . | . . . . . . . . . . . . . . . . . . . . . . . . . . . . . . . . Self-Inflicted Damage 453 | . 83 . . . 24 28 159 . . . . 64 . . . . . . . . . . 94 . . . . . . . 1 Shots 8 | . 1 . . . 1 2 2 . . . . 1 . . . . . . . . . . 1 . . . . . . . . Rammed 25 | . . . . . . 2 . . . . . 1 . 3 1 2 . . 2 5 . . . 4 3 . . . . . 2 Targets Rammed 32 | . . . . . . 2 . . . . . 2 . 3 1 2 . . 2 6 . . . 4 3 . . . . . 7 Kicked 4 | . . . . . . . . . . . . . . . . . . . . . . . . . . . . . . . 4 Crushed 3 | . . . . . . . . . . . . 1 . . . . . . . 1 . . . . . . . . . . 1 Highest Temperature 536 | . 321 27 . 193 228 257 60 20 30 . 536 34 336 294 240 180 174 209 222 281 236 152 266 190 276 83 470 223 216 218 346 Average Temperature 78 | . 104 8 . 111 125 43 18 9 11 . 115 9 74 109 90 80 52 80 80 66 72 39 83 56 81 33 126 62 76 33 74 Received Heat Transfer 5539 | . 351 333 39 . 180 774 375 . 54 . 910 96 . 258 . . . 18 12 253 . 9 180 63 9 78 168 . . 36 1343 Effects 16 | . . . . . . . . . . . 2 . . 1 . . . . . 6 . . 1 . . . 4 . . . 2 Energy Bleed 4 | . . . . . . . . . . . 1 . . 1 . . . . . . . . 1 . . . 1 . . . . Interference 11 | . . . . . . . . . . . . . . . . . . . . 6 . . . . . . 3 . . . 2 Short Circuit 1 | . . . . . . . . . . . 1 . . . . . . . . . . . . . . . . . . . . Siege Activations 95 | . . . . . . . . . . . . . . 2 . . 5 5 7 13 4 4 7 8 4 3 4 1 1 4 23 Total Turns 1757 | . . . . . . . . . . . . . . 17 . . 108 70 211 235 92 28 91 102 97 31 70 7 5 42 551 Longest Duration 134 | . . . . . . . . . . . . . . 12 . . 56 32 62 66 41 12 28 19 47 14 42 7 5 19 134 Robots Corrupted 3 | . . . . . . 3 . . . . . . . . . . . . . . . . . . . . . . . . . Combat Hostiles 3 | . . . . . . 3 . . . . . . . . . . . . . . . . . . . . . . . . . Parts Fried 23 | . . . . . . 21 . . . . . . . . . . . . . . . . . . . . 2 . . . . Impact Corruptions 10 | . . . . . . . . . . . . . . . . 6 . . . . . . . 1 3 . . . . . . Robots Melted . | . . . . . . . . . . . . . . . . . . . . . . . . . . . . . . . . Combat Hostiles . | . . . . . . . . . . . . . . . . . . . . . . . . . . . . . . . . Parts Melted 4 | . . . . . . . . . . . . . . . . . . . . . . . 2 . . . 2 . . . . Heat Transferred 1274 | . 974 . . . 150 100 . . . . . . . . . . 50 . . . . . . . . . . . . . . Parts Sabotaged 5 | . . . . . . . . . . . . . . . . . . . . . . . . . . . 5 . . . . Parts Stolen . | . . . . . . . . . . . . . . . . . . . . . . . . . . . . . . . . Parts Stripped . | . . . . . . . . . . . . . . . . . . . . . . . . . . . . . . . . Power Chain Reactions 6 | . . . . . . 6 . . . . . . . . . . . . . . . . . . . . . . . . . Missiles Intercepted . | . . . . . . . . . . . . . . . . . . . . . . . . . . . . . . . . Alert | -11 -10 -9 -9 -9 -8 -8 -7 -7 -7 -7 -6 -6 -6 -6 -6 -6 -6 -5 -5 -5 -5 -5 -5 -4 -4 -4 -4 -3 -3 -3 -2 ------- Run | Jun Mat Mat Min Exi Min Mat Fac Low Low Zio Pro Fac Was Fac Low Low Dat Pro Fac Ext Cet Arc Hub Fac Upp Upp War Pro Res Qua Res Peak Influence 3164 | . 232 436 281 . 112 956 813 . . . . 369 107 3019 . . . . 150 369 698 552 1170 658 . . . . 110 286 3164 Initial 573 | . . 42 151 . . . 434 . . . . 173 107 . . . . . 56 54 169 264 123 573 . . . . . 6 8 Average 364 | . 104 249 92 . 73 291 637 . . . . 219 34 1439 . . . . 53 179 442 465 720 397 . . . . 23 154 1132 Maximum Alert Level 5 | . 1 2 1 . . 3 3 . . . . 1 . 5 . . . . . 1 2 2 4 2 . . . . . 1 5 Low Security (%) 49 | 100 84 29 88 . 100 47 . . . . . 36 100 11 . . . . 100 70 6 . 6 . . . . . 100 61 11 Level 1 26 | . 15 68 11 . . 29 . . . . . 63 . . . . . . . 29 36 36 6 59 . . . . . 38 18 Level 2 10 | . . 1 . . . 3 75 . . . . . . 11 . . . . . . 56 63 25 40 . . . . . . 8 Level 3 7 | . . . . . . 18 24 . . . . . . 20 . . . . . . . . 60 . . . . . . . 15 Level 4 2 | . . . . . . . . . . . . . . 13 . . . . . . . . 1 . . . . . . . 17 Level 5 1 | . . . . . . . . . . . . . . 20 . . . . . . . . . . . . . . . . . High Security 3 | . . . . . . . . . . . . . . 22 . . . . . . . . . . . . . . . . 28 Max Security . | . . . . . . . . . . . . . . . . . . . . . . . . . . . . . . . . Sterilizations 1 | . . . . . . . . . . . . . . . . . . . . . . . . . . . . . . . 1 Squads Dispatched 128 | . 4 6 . . . 8 14 . . . 2 8 . 21 . . . . 8 4 . . 6 4 . . . . 6 2 35 Investigation 24 | . 1 4 . . . . 2 . . . 2 5 . 3 . . . . 1 1 . . 1 . . . . . 4 . . Extermination 16 | . . . . . . . 2 . . . . 2 . 1 . . . . 5 . . . . 1 . . . . . 1 4 Reinforcement 31 | . 3 2 . . . 5 1 . . . . 1 . 6 . . . . . 3 . . 3 1 . . . . 1 1 4 Assault 34 | . . . . . . 2 3 . . . . . . 11 . . . . . . . . . . . . . . . . 18 Garrison 15 | . . . . . . 1 6 . . . . . . . . . . . . . . . 2 . . . . . . . 6 Intercept 8 | . . . . . . . . . . . . . . . . . . . 2 . . . . 2 . . . . 1 . 3 Searches Triggered . | . . . . . . . . . . . . . . . . . . . . . . . . . . . . . . . . Construction Impeded 5 | . . . . . . 1 . . . . . . . 1 . . . . . 1 . . 1 . . . . . . . 1 Haulers Reinforced 5 | . . . . . . . . . . . . . . 3 . . . . . . . . 1 1 . . . . . . . Active Scanning Responses . | . . . . . . . . . . . . . . . . . . . . . . . . . . . . . . . . Cargo Convoy Interrupts 1 | . . . . . . . . . . . . . . 1 . . . . . . . . . . . . . . . . . Stealth | -11 -10 -9 -9 -9 -8 -8 -7 -7 -7 -7 -6 -6 -6 -6 -6 -6 -6 -5 -5 -5 -5 -5 -5 -4 -4 -4 -4 -3 -3 -3 -2 --------- Run | Jun Mat Mat Min Exi Min Mat Fac Low Low Zio Pro Fac Was Fac Low Low Dat Pro Fac Ext Cet Arc Hub Fac Upp Upp War Pro Res Qua Res Distress Signals 39 | . 4 2 . . . 4 . . . . 3 . . 3 . . . . . 1 2 . 1 1 . . 2 . 8 . 8 Communications Jammed . | . . . . . . . . . . . . . . . . . . . . . . . . . . . . . . . . Distress Signals . | . . . . . . . . . . . . . . . . . . . . . . . . . . . . . . . . Times Spotted 732 | . 31 43 5 . 9 64 30 3 6 5 14 20 6 67 . . 4 5 15 40 16 5 19 17 8 7 66 3 5 15 204 Peak Tracking Total 22 | . 4 5 3 . 4 7 6 3 3 1 5 5 3 14 . . 2 3 2 8 6 2 3 3 5 3 18 2 4 5 22 Tactical Retreats 35 | . . 2 1 . . 3 2 1 . 4 1 2 . 1 . . . . . 5 . . . . . . 3 . . . 10 Traps | -11 -10 -9 -9 -9 -8 -8 -7 -7 -7 -7 -6 -6 -6 -6 -6 -6 -6 -5 -5 -5 -5 -5 -5 -4 -4 -4 -4 -3 -3 -3 -2 ------- Run | Jun Mat Mat Min Exi Min Mat Fac Low Low Zio Pro Fac Was Fac Low Low Dat Pro Fac Ext Cet Arc Hub Fac Upp Upp War Pro Res Qua Res Traps Triggered 19 | . 2 4 . . . 3 . . . . . 3 . . . . . . 1 1 . . 1 . . . . . . 3 1 Indirectly 3 | . . . . . . 3 . . . . . . . . . . . . . . . . . . . . . . . . . Trap Hack Attempts . | . . . . . . . . . . . . . . . . . . . . . . . . . . . . . . . . Triggered . | . . . . . . . . . . . . . . . . . . . . . . . . . . . . . . . . Disarmed . | . . . . . . . . . . . . . . . . . . . . . . . . . . . . . . . . Reprogrammed . | . . . . . . . . . . . . . . . . . . . . . . . . . . . . . . . . Reused . | . . . . . . . . . . . . . . . . . . . . . . . . . . . . . . . . Traps Extracted . | . . . . . . . . . . . . . . . . . . . . . . . . . . . . . . . . Installed . | . . . . . . . . . . . . . . . . . . . . . . . . . . . . . . . . Triggered 18 | . . . . . . . . . . . . . . . . . . 3 . . . . . . . . 15 . . . . Machines | -11 -10 -9 -9 -9 -8 -8 -7 -7 -7 -7 -6 -6 -6 -6 -6 -6 -6 -5 -5 -5 -5 -5 -5 -4 -4 -4 -4 -3 -3 -3 -2 ---------- Run | Jun Mat Mat Min Exi Min Mat Fac Low Low Zio Pro Fac Was Fac Low Low Dat Pro Fac Ext Cet Arc Hub Fac Upp Upp War Pro Res Qua Res Machines Disabled 73 | . 4 . . . 2 10 2 . . . 3 4 . 9 . . . . . 3 1 3 14 5 . . 1 . . 8 4 Max in Single Turn 7 | . 4 . . . 1 7 2 . . . 1 3 . 1 . . . . . 1 . 1 7 2 . . 1 . . 1 1 Garrison Access 2 | . . . . . . . . . . . . 1 . 1 . . . . . . . . . . . . . . . . . Network Hub 1 | . . . . . . . . . . . . . . . . . . . . . . . 1 . . . . . . . . Machines Repaired . | . . . . . . . . . . . . . . . . . . . . . . . . . . . . . . . . Machines Sabotaged . | . . . . . . . . . . . . . . . . . . . . . . . . . . . . . . . . Overloaded Fab Kills . | . . . . . . . . . . . . . . . . . . . . . . . . . . . . . . . . Hacking | -11 -10 -9 -9 -9 -8 -8 -7 -7 -7 -7 -6 -6 -6 -6 -6 -6 -6 -5 -5 -5 -5 -5 -5 -4 -4 -4 -4 -3 -3 -3 -2 --------- Run | Jun Mat Mat Min Exi Min Mat Fac Low Low Zio Pro Fac Was Fac Low Low Dat Pro Fac Ext Cet Arc Hub Fac Upp Upp War Pro Res Qua Res Machines Accessed 95 | . 4 11 . 1 1 10 6 . 1 1 3 9 . 6 . . 4 . 5 9 . . 6 5 . . 1 . 6 2 4 Terminals 54 | . 3 9 . . 1 7 1 . . . 1 4 . 2 . . . . 3 9 . . 4 4 . . . . 2 1 3 Fabricators 9 | . . . . . . . 2 . . . 1 3 . 2 . . . . . . . . . . . . . . . . 1 Repair Stations 9 | . 1 1 . . . 1 1 . . . . 1 . 1 . . . . 1 . . . . . . . . . 2 . . Recycling Units 4 | . . 1 . . . . . . . . 1 . . . . . . . 1 . . . . 1 . . . . . . . Scanalyzers 5 | . . . . . . 1 1 . . . . . . . . . . . . . . . . . . . . . 2 1 . Garrison Access 6 | . . . . . . 1 1 . . . . 1 . 1 . . . . . . . . 2 . . . . . . . . Total Hacks 287 | . 12 35 . 1 3 21 25 . 1 4 7 25 . 15 . . 28 . 9 24 . . 9 25 . . 1 . 20 11 11 Successful 161 | . 7 20 . 1 1 14 16 . 1 4 2 14 . 5 . . 28 . 3 9 . . 2 12 . . 1 . 12 7 2 Failed 125 | . 5 14 . . 2 7 9 . . . 5 11 . 10 . . . . 6 15 . . 7 13 . . . . 8 4 9 Catastrophic 26 | . . 2 . . . 2 . . . . 2 2 . 3 . . . . 1 3 . . 2 1 . . . . 3 1 4 Database Lockouts 1 | . . 1 . . . . . . . . . . . . . . . . . . . . . . . . . . . . . Manual 119 | . 9 27 . . 3 12 6 . . . . 11 . 2 . . . . 5 13 1 . 4 14 . . . . 3 5 4 Terminals 163 | . 10 32 . . 3 16 6 . . . 2 11 . 6 . . . . 6 24 . . 6 24 . . . . 5 5 7 Fabricators 27 | . . . . . . . 6 . . . 3 9 . 5 . . . . . . . . . . . . . . . . 4 Repair Stations 26 | . 2 2 . . . 2 3 . . . . 3 . 2 . . . . 1 . . . . . . . . . 11 . . Recycling Units 6 | . . 1 . . . . . . . . 2 . . . . . . . 2 . . . . 1 . . . . . . . Scanalyzers 19 | . . . . . . 2 7 . . . . . . . . . . . . . . . . . . . . . 4 6 . Garrison Access 11 | . . . . . . 1 3 . . . . 2 . 2 . . . . . . . . 3 . . . . . . . . Terminal Hacks 81 | . 4 8 . 1 1 6 3 . 1 4 1 4 . 1 . . 28 . 1 5 . . . 9 . . 1 . 1 2 . Record 12 | . . . . 1 . . . . . . . . . . . . 11 . . . . . . . . . . . . . . Part Schematic 15 | . . . . . . . . . . 4 . . . . . . 10 . . . . . . 1 . . . . . . . Robot Schematic 4 | . . . . . . . . . . . . . . . . . 4 . . . . . . . . . . . . . . Robot Analysis 6 | . 2 1 . . . 2 . . . . . 1 . . . . . . . . . . . . . . . . . . . Prototype ID Bank 5 | . 1 1 . . . . . . . . . . . . . . 3 . . . . . . . . . . . . . . Open Door 7 | . . . . . . . . . 1 . 1 . . . . . . . 1 3 . . . . . . 1 . . . . Branch Access Points 5 | . . 1 . . . . 1 . . . . 1 . 1 . . . . . . . . . 1 . . . . . . . Terminal Index 4 | . 1 1 . . . 1 1 . . . . . . . . . . . . . . . . . . . . . . . . Fabricator Index 2 | . . . . . . . 1 . . . . 1 . . . . . . . . . . . . . . . . . . . Alert Level 5 | . . 1 . . . . . . . . . . . . . . . . . 1 . . . 2 . . . . . 1 . Unreport Threat 10 | . . 1 . . 1 3 . . . . . . . . . . . . . 1 . . . 3 . . . . . 1 . Locate Traps 2 | . . . . . . . . . . . . . . . . . . . . . . . . 1 . . . . 1 . . Hauler Manifests 3 | . . 1 . . . . . . . . . 1 . . . . . . . . . . . 1 . . . . . . . Zone Layout 1 | . . 1 . . . . . . . . . . . . . . . . . . . . . . . . . . . . . Fabricator Hacks 12 | . . . . . . . 3 . . . 1 5 . 3 . . . . . . . . . . . . . . . . . Network Status 1 | . . . . . . . . . . . . . . 1 . . . . . . . . . . . . . . . . . Load Schematic 8 | . . . . . . . 2 . . . 1 3 . 2 . . . . . . . . . . . . . . . . . Build 3 | . . . . . . . 1 . . . . 2 . . . . . . . . . . . . . . . . . . . Repair Station Hacks 13 | . 1 1 . . . 2 2 . . . . 1 . . . . . . . . . . . . . . . . 6 . . Scan Component 8 | . 1 1 . . . 1 1 . . . . 1 . . . . . . . . . . . . . . . . 3 . . Repair 5 | . . . . . . 1 1 . . . . . . . . . . . . . . . . . . . . . 3 . . Recycling Unit Hacks 1 | . . . . . . . . . . . . . . . . . . . 1 . . . . . . . . . . . . Retrieve Components 1 | . . . . . . . . . . . . . . . . . . . 1 . . . . . . . . . . . . Scanalyzer 17 | . . . . . . 2 7 . . . . . . . . . . . . . . . . . . . . . 4 4 . Insert Component 11 | . . . . . . 1 4 . . . . . . . . . . . . . . . . . . . . . 2 4 . Analyze 6 | . . . . . . 1 3 . . . . . . . . . . . . . . . . . . . . . 2 . . Garrison Access Hacks 3 | . . . . . . 1 . . . . . 1 . 1 . . . . . . . . . . . . . . . . . Unlock Access 1 | . . . . . . 1 . . . . . . . . . . . . . . . . . . . . . . . . . Seal Access 2 | . . . . . . . . . . . . 1 . 1 . . . . . . . . . . . . . . . . . Unauthorized Hacks 34 | . 2 11 . . . 3 1 . . . . 3 . . . . . . 1 4 . . 2 3 . . . . 1 1 2 Terminals 31 | . 2 10 . . . 3 1 . . . . 3 . . . . . . . 4 . . 2 2 . . . . 1 1 2 Botnet 29 | . 2 9 . . . 3 1 . . . . 3 . . . . . . . 3 . . 2 2 . . . . 1 1 2 Disrupt 1 | . . . . . . . . . . . . . . . . . . . . 1 . . . . . . . . . . . Operators 1 | . . 1 . . . . . . . . . . . . . . . . . . . . . . . . . . . . . Fabricators . | . . . . . . . . . . . . . . . . . . . . . . . . . . . . . . . . Repair Stations . | . . . . . . . . . . . . . . . . . . . . . . . . . . . . . . . . Recycling Units 3 | . . 1 . . . . . . . . . . . . . . . . 1 . . . . 1 . . . . . . . Mask 2 | . . . . . . . . . . . . . . . . . . . 1 . . . . 1 . . . . . . . Tunnel 1 | . . 1 . . . . . . . . . . . . . . . . . . . . . . . . . . . . . Scanalyzers . | . . . . . . . . . . . . . . . . . . . . . . . . . . . . . . . . Garrison Access . | . . . . . . . . . . . . . . . . . . . . . . . . . . . . . . . . Data Cores Recovered 1 | . . 1 . . . . . . . . . . . . . . . . . . . . . . . . . . . . . Used . | . . . . . . . . . . . . . . . . . . . . . . . . . . . . . . . . Hacking Detections 72 | . 3 9 . . . 8 6 . . . 2 7 . 5 . . . . 4 6 . . 6 5 . . . . 5 2 4 Full Trace Events 14 | . 1 . . . . . 2 . . . 2 5 . 2 . . . . . 1 . . . . . . . . 1 . . Feedback Events 1 | . . . . . . . . . . . 1 . . . . . . . . . . . . . . . . . . . . Corruption 1 | . . . . . . . . . . . 1 . . . . . . . . . . . . . . . . . . . . Feedback Blocked . | . . . . . . . . . . . . . . . . . . . . . . . . . . . . . . . . Robot Schematics Acquired 7 | . . . . . . . . . . 3 . . . . . . 4 . . . . . . . . . . . . . . Robots Built . | . . . . . . . . . . . . . . . . . . . . . . . . . . . . . . . . Authchips . | . . . . . . . . . . . . . . . . . . . . . . . . . . . . . . . . Time . | . . . . . . . . . . . . . . . . . . . . . . . . . . . . . . . . Total Robot Build Rating . | . . . . . . . . . . . . . . . . . . . . . . . . . . . . . . . . Part Schematics Acquired 35 | . . . . . . 1 3 . . 18 . . . . . . 10 . . . . . . 1 . . . . 2 . . Parts Built 3 | . . . . . . . 1 . . . . 2 . . . . . . . . . . . . . . . . . . . Authchips . | . . . . . . . . . . . . . . . . . . . . . . . . . . . . . . . . Time 290 | . . . . . . . 116 . . . . 174 . . . . . . . . . . . . . . . . . . . Total Part Build Rating 9 | . . . . . . . 3 . . . . 6 . . . . . . . . . . . . . . . . . . . Parts Repaired 5 | . . . . . . 1 1 . . . . . . . . . . . . . . . . . . . . . 3 . . Time 222 | . . . . . . 32 60 . . . . . . . . . . . . . . . . . . . . . 130 . . Parts Recycled . | . . . . . . . . . . . . . . . . . . . . . . . . . . . . . . . . Recycled Matter . | . . . . . . . . . . . . . . . . . . . . . . . . . . . . . . . . Retrieved Matter . | . . . . . . . . . . . . . . . . . . . . . . . . . . . . . . . . Retrieved Components 9 | . . . . . . . . . . . . . . . . . . . 9 . . . . . . . . . . . . Parts Scanalyzed 7 | . . . . . . 1 3 . . . . . . . . . . . . . . . . . . . . . 2 1 . Part Schematics Acquired 6 | . . . . . . 1 3 . . . . . . . . . . . . . . . . . . . . . 2 . . Parts Damaged 1 | . . . . . . . . . . . . . . . . . . . . . . . . . . . . . . 1 . Bothacking | -11 -10 -9 -9 -9 -8 -8 -7 -7 -7 -7 -6 -6 -6 -6 -6 -6 -6 -5 -5 -5 -5 -5 -5 -4 -4 -4 -4 -3 -3 -3 -2 ------------ Run | Jun Mat Mat Min Exi Min Mat Fac Low Low Zio Pro Fac Was Fac Low Low Dat Pro Fac Ext Cet Arc Hub Fac Upp Upp War Pro Res Qua Res Used RIF Installer . | . . . . . . . . . . . . . . . . . . . . . . . . . . . . . . . . Robots Hacked . | . . . . . . . . . . . . . . . . . . . . . . . . . . . . . . . . Non-combat . | . . . . . . . . . . . . . . . . . . . . . . . . . . . . . . . . Combat . | . . . . . . . . . . . . . . . . . . . . . . . . . . . . . . . . Robot Hacks Applied . | . . . . . . . . . . . . . . . . . . . . . . . . . . . . . . . . Relay Couplers Released 6 | . . . . . . . . . . . . . . . . . . . . . . . . . . . . . 3 3 . Programmers 6 | . . . . . . . . . . . . . . . . . . . . . . . . . . . . . 3 3 . Fabnet Peak Effective % . | . . . . . . . . . . . . . . . . . . . . . . . . . . . . . . . . Robots Rewired 24 | . . . . . . . . . . . 11 . . . . . . . . 13 . . . . . . . . . . . Allies Hacked . | . . . . . . . . . . . . . . . . . . . . . . . . . . . . . . . . Hacks Repelled . | . . . . . . . . . . . . . . . . . . . . . . . . . . . . . . . . Allies | -11 -10 -9 -9 -9 -8 -8 -7 -7 -7 -7 -6 -6 -6 -6 -6 -6 -6 -5 -5 -5 -5 -5 -5 -4 -4 -4 -4 -3 -3 -3 -2 -------- Run | Jun Mat Mat Min Exi Min Mat Fac Low Low Zio Pro Fac Was Fac Low Low Dat Pro Fac Ext Cet Arc Hub Fac Upp Upp War Pro Res Qua Res Total Allies 53 | . . . . . . . . . . . 11 . 20 . . . . . . 17 5 . . . . . . . . . . Largest Group 19 | . . . . . . . . . . . 11 9 19 19 . . . . . 6 6 3 3 . . . . . . . . Highest-Rated Group 684 | . . . . . . . . . . . 256 232 684 684 . . . . . 159 630 272 263 . . . . . . . . Highest-Rated Ally 159 | . . . . . . . . . . . 40 40 50 50 . . . . . 159 159 96 96 . . . . . . . . Total Orders 5 | . . . . . . . . . . . 2 . . . . . . . . . 3 . . . . . . . . . . STAY 2 | . . . . . . . . . . . 1 . . . . . . . . . 1 . . . . . . . . . . FOLLOW 3 | . . . . . . . . . . . 1 . . . . . . . . . 2 . . . . . . . . . . Ally Attacks 606 | . . . . . . . . . . . 25 88 16 261 . . . . . 103 54 23 36 . . . . . . . . Total Damage 16692 | . . . . . . . . . . . 420 1327 314 7764 . . . . . 2119 2491 789 1468 . . . . . . . . Kills 118 | . . . . . . . . . . . 5 9 . 64 . . . . . 16 14 3 7 . . . . . . . . Allies Corrupted 3 | . . . . . . . . . . . . . . 2 . . . . . . 1 . . . . . . . . . . Allies Melted 2 | . . . . . . . . . . . . . . 1 . . . . . . . . . . . . 1 . . . . Intel | -11 -10 -9 -9 -9 -8 -8 -7 -7 -7 -7 -6 -6 -6 -6 -6 -6 -6 -5 -5 -5 -5 -5 -5 -4 -4 -4 -4 -3 -3 -3 -2 ------- Run | Jun Mat Mat Min Exi Min Mat Fac Low Low Zio Pro Fac Was Fac Low Low Dat Pro Fac Ext Cet Arc Hub Fac Upp Upp War Pro Res Qua Res Robot Analysis Total 140 | . 2 1 . . . 2 . . . . . 1 . . . . 134 . . . . . . . . . . . . . . Derelict Logs Recovered 13 | . . . 1 . . . . 1 1 2 . . . . 3 . . 1 . . . . . . 2 2 . . . . . Drone Launches . | . . . . . . . . . . . . . . . . . . . . . . . . . . . . . . . . Drone Recoveries . | . . . . . . . . . . . . . . . . . . . . . . . . . . . . . . . . Exploration | -11 -10 -9 -9 -9 -8 -8 -7 -7 -7 -7 -6 -6 -6 -6 -6 -6 -6 -5 -5 -5 -5 -5 -5 -4 -4 -4 -4 -3 -3 -3 -2 ------------- Run | Jun Mat Mat Min Exi Min Mat Fac Low Low Zio Pro Fac Was Fac Low Low Dat Pro Fac Ext Cet Arc Hub Fac Upp Upp War Pro Res Qua Res Turns Passed 38509 | 75 1154 2490 1273 718 1157 3543 1204 720 1300 2591 2082 2058 878 1412 525 515 367 703 1825 1737 512 542 447 996 725 864 1712 433 1126 907 1918 Spaces Moved 15179 | 48 535 1037 618 377 546 1157 327 271 435 879 614 699 431 758 322 314 112 344 857 666 197 143 159 444 336 489 747 244 388 287 398 Core 35 | 20 . . . . . . . . . . . . . . . . . . . . . . . . . . . . . . 15 Treads 12290 | 28 265 . . . . 1155 327 271 435 879 614 699 431 758 322 314 112 344 857 666 197 143 159 444 336 489 747 244 388 287 379 Legs 4 | . . . . . . . . . . . . . . . . . . . . . . . . . . . . . . . 4 Wheels 2850 | . 270 1037 618 377 546 2 . . . . . . . . . . . . . . . . . . . . . . . . . Hover . | . . . . . . . . . . . . . . . . . . . . . . . . . . . . . . . . Flight . | . . . . . . . . . . . . . . . . . . . . . . . . . . . . . . . . Fastest Speed 50 | 50 115 130 190 175 190 190 250 250 250 250 243 241 160 160 160 160 160 160 160 160 160 160 160 160 160 160 160 160 240 255 50 Average Speed 195 | 138 138 186 190 188 190 242 250 250 250 250 245 242 161 160 160 160 160 160 162 171 160 160 160 160 160 160 160 160 243 255 247 Slowest Speed 330 | 160 240 190 190 190 190 250 250 250 250 250 250 243 245 160 160 160 160 160 240 240 160 160 160 240 160 160 160 160 255 255 330 Overloaded Moves . | . . . . . . . . . . . . . . . . . . . . . . . . . . . . . . . . Propulsion Burnouts . | . . . . . . . . . . . . . . . . . . . . . . . . . . . . . . . . Robots Hopped . | . . . . . . . . . . . . . . . . . . . . . . . . . . . . . . . . Cave-ins Triggered 1 | . 1 . . . . . . . . . . . . . . . . . . . . . . . . . . . . . . Exploration Rate (%) 54 | 5 77 84 99 76 99 89 7 44 62 83 51 20 95 29 49 54 80 61 9 87 56 81 26 8 65 70 52 51 17 51 18 Regions Visited 31 Branch Regions 20 Pre-discovered Areas 33 | . . 1 . . . . . . . 3 . . . . . . 27 . . . . . . . . 2 . . . . . Known Exits Taken 12 | . . 1 1 . . . 1 . . . . . . 1 . . . 1 1 . . . 1 1 1 . . 1 1 1 . Unknown Exits Taken 17 | 1 1 . . 1 1 1 . 1 1 1 1 . . . 1 1 1 . . 1 1 1 . . . 1 1 . . . . Scrap Searched 35 | . . . 3 . 1 . . 3 10 4 2 . . . 4 1 . 2 . . . . . . 1 3 . 1 . . . Spaces Dug 51 | . . . . . . . 5 . . . . 10 1 2 . . . . 3 . . . 2 . 2 . 12 3 1 8 2 Terrain Destroyed 706 | . 8 . . . 21 16 48 . . . . 40 2 58 . . . . 8 8 7 20 187 48 9 12 76 25 3 21 89 Melee 12 | . . . . . . . 4 . . . . 6 . 2 . . . . . . . . . . . . . . . . . Projectile 342 | . . . . . . . . . . . . . 2 1 . . . . 8 8 7 20 28 42 9 12 76 25 3 16 85 AOE 341 | . 8 . . . 21 16 43 . . . . 34 . 55 . . . . . . . . 159 5 . . . . . . . Terrain Rammed . | . . . . . . . . . . . . . . . . . . . . . . . . . . . . . . . . Walls Destroyed . | . . . . . . . . . . . . . . . . . . . . . . . . . . . . . . . . Machines Disabled . | . . . . . . . . . . . . . . . . . . . . . . . . . . . . . . . . Actions | -11 -10 -9 -9 -9 -8 -8 -7 -7 -7 -7 -6 -6 -6 -6 -6 -6 -6 -5 -5 -5 -5 -5 -5 -4 -4 -4 -4 -3 -3 -3 -2 --------- Run | Jun Mat Mat Min Exi Min Mat Fac Low Low Zio Pro Fac Was Fac Low Low Dat Pro Fac Ext Cet Arc Hub Fac Upp Upp War Pro Res Qua Res Total 21738 | 54 779 1410 674 387 587 1660 598 305 625 1261 1093 1002 579 917 330 326 271 483 1234 1141 348 418 279 664 495 546 1137 273 561 391 910 Wait 3980 | . 100 143 30 . 4 270 142 21 162 353 301 209 58 75 5 11 118 115 266 252 82 235 76 149 138 31 275 16 139 44 160 Move 15150 | 47 534 1036 617 376 545 1156 326 270 434 878 613 699 430 758 321 313 111 343 856 665 196 142 158 443 335 488 746 243 387 286 398 Hop . | . . . . . . . . . . . . . . . . . . . . . . . . . . . . . . . . Pick Up 247 | 1 22 38 2 2 1 23 12 2 3 4 7 11 13 6 . . 3 1 14 13 10 6 . 6 . 2 6 2 6 7 24 Fast Attach 94 | 6 8 7 . . . 7 1 . . 4 1 3 3 7 . . . 2 3 3 7 6 2 1 . 2 8 . 3 4 6 Attach 95 | . 5 3 1 3 2 6 5 . . 1 4 3 2 2 . . 2 . 6 5 2 4 . 4 . 2 4 1 6 2 20 Detach 13 | . . . . 3 . . . . . . 1 . . . . . 1 . . 1 . . . 1 . . . . 5 . 1 Swap 367 | . 6 25 3 . . 21 27 3 6 4 14 24 9 12 3 . 4 7 21 22 8 2 13 23 6 9 24 4 7 9 51 Drop 277 | . 9 53 2 3 . 32 6 3 4 8 9 16 13 16 . . 2 3 16 10 18 7 2 6 . 2 11 1 3 4 18 Fire 1267 | . 95 105 19 . 35 143 74 6 16 9 44 29 51 37 . . 30 12 50 65 25 16 28 27 13 10 63 6 5 35 219 Melee 29 | . . . . . . . 5 . . . 16 6 . 2 . . . . . . . . . . . . . . . . . Ram 1 | . . . . . . . . . . . . . . . . . . . . . . . . . . . . . . . 1 Kick 4 | . . . . . . . . . . . . . . . . . . . . . . . . . . . . . . . 4 Crush 26 | . . . . . . 2 . . . . . 2 . 2 1 2 . . 2 6 . . . 4 3 . . . . . 2 Escape Stasis 8 | . . . . . . . . . . . . . . . . . . . . 2 . . . . . . . . . . 6 Rewire 180 | . . . . . . . . . . . 83 . . . . . . . . 97 . . . . . . . . . . . Trap . | . . . . . . . . . . . . . . . . . . . . . . . . . . . . . . . . Miscellaneous . | . . . . . . . . . . . . . . . . . . . . . . . . . . . . . . . . Route ------- -11/Junkyard -10/Materials (discovered 4 exits: *Mat x3 / [*Min]) -9/Materials (discovered 4 exits: *Mat x2 / *Min x2) -9/Mines (discovered 4 exits: *Mat x2 / *Exi / *Zio) -9/Exiles -8/Mines (discovered 2 exits: *Mat x2) -8/Materials (discovered 4 exits: *Fac x3 / Gar) -7/Factory (discovered 4 exits: *Fac / Sto / *Low x2) -7/Lower Caves -7/Lower Caves -7/Zion -6/Proximity Caves -6/Factory (discovered 3 exits: Fac / *Low x2) -6/Waste -6/Factory (discovered 2 exits: *Low x2) -6/Lower Caves -6/Lower Caves (discovered 2 exits: *Fac / *Dat) -6/Data Miner -5/Proximity Caves -5/Factory (discovered 4 exits: *Fac x2 / Upp / *Ext) -5/Extension (discovered 2 exits: *Fac / *Cet) -5/Cetus (discovered 2 exits: *Fac / [*Arc]) -5/Archives (discovered 3 exits: *Fac / *Hub x2) -5/Hub_04(d) (discovered 3 exits: *Fac x3) -4/Factory (discovered 2 exits: *Upp x2) -4/Upper Caves -4/Upper Caves (discovered 2 exits: *Res / *War) -4/Warlord -3/Proximity Caves -3/Research (discovered 2 exits: Res / *Qua) -3/Quarantine -2/Research History --------- Turn | Location | Event 26 | -11/Junkyard | Discovered new exit (range 15) 76 | -11/Junkyard | Entered Materials 266 | -10/Materials | Discovered new exit (range 16) 315 | -10/Materials | Crushed by falling debris 315 | -10/Materials | Core integrity fell below 50% 317 | -10/Materials | Build established: Mutant 351 | -10/Materials | Lost 3 parts (1p1n1u) 467 | -10/Materials | Discovered new exit (range 10) 860 | -10/Materials | Lost 5 parts (2p2n1w) 959 | -10/Materials | Core integrity fell below 20% 1007 | -10/Materials | Discovered new exit (range 8) 1151 | -10/Materials | Discovered new exit (range 16) 1230 | -10/Materials | Entered another Materials area 1230 | -9/Materials | Evolved 2 slots: Utility x1, Weapon x1 1524 | -9/Materials | Build established: Tank 1915 | -9/Materials | Discovered new exit (range 15) 1969 | -9/Materials | Build established: Scavenger-Tank 2043 | -9/Materials | Identified exit to Mines 2043 | -9/Materials | Central database locked down 2311 | -9/Materials | Discovered new exit (range 15) 3068 | -9/Materials | Build established: Tank 3720 | -9/Materials | Entered Mines 3722 | -9/Mines | YI-UF0 nonchalantly dropped a Grenade Launcher on the ground 3770 | -9/Mines | Discovered new exit (range 16) 3771 | -9/Mines | A Derelict revealed a hidden shortcut to a safe place 3781 | -9/Mines | Found Prototype Storage 3782 | -9/Mines | Identified YI-UF0's Bottomless Matter Pit 3883 | -9/Mines | Discovered new exit (range 5) 4022 | -9/Mines | Identified exit to Exiles 4273 | -9/Mines | A weapon hastily lodged in a ceiling crevice suddenly fell to the ground 4577 | -9/Mines | Deemed a non-threat by the Exiles lab entrance 4993 | -9/Mines | Entered Exiles 4993 | -9/Exiles | Found Exiles lab abandoned 5688 | -9/Exiles | Discovered new exit (range 14) 5711 | -9/Exiles | Entered Mines 6684 | -8/Mines | Discovered new exit (range 11) 6778 | -8/Mines | Discovered new exit (range 9) 6868 | -8/Mines | Entered Materials 6868 | -8/Materials | Evolved 2 slots: Propulsion x1, Utility x1 7326 | -8/Materials | Repaired Hvy. Assault Rifle 7406 | -8/Materials | Garrison activated, responded to threat 8497 | -8/Materials | Discovered new exit (range 16) 8516 | -8/Materials | Build established: Scavenger-Tank 9116 | -8/Materials | Discovered new exit (range 3) 9124 | -8/Materials | Build established: Tank 9376 | -8/Materials | Identified exit to Garrison 9668 | -8/Materials | First assault squad dispatched 10195 | -8/Materials | Discovered new exit (range 12) 10411 | -8/Materials | Entered Factory 10411 | -7/Factory | Evolved 2 slots: Propulsion x1, Weapon x1 10464 | -7/Factory | Garrison activated, responded to threat 10501 | -7/Factory | Garrison activated, responded to threat 10566 | -7/Factory | Fabricated Enh. Autogun? 10700 | -7/Factory | Discovered new exit (range 7) 10835 | -7/Factory | Identified exit to Storage 10835 | -7/Factory | Identified exit to Lower Caves 10963 | -7/Factory | Build established: Skirmisher 11211 | -7/Factory | First assault squad dispatched 11515 | -7/Factory | Repaired Enh. Autogun? 11563 | -7/Factory | Build established: Scavenger-Skirmisher 11615 | -7/Factory | Entered Lower Caves 11878 | -7/Lower Caves | Spotted B-75 Beast 12251 | -7/Lower Caves | Discovered new exit (range 7) 12335 | -7/Lower Caves | Entered another Lower Caves area 12788 | -7/Lower Caves | Learned location of 1 exit from Factory 13623 | -7/Lower Caves | Discovered new exit (range 5) 13635 | -7/Lower Caves | Entered Zion 13665 | -7/Zion | Given A8's code to call for help 13745 | -7/Zion | System corruption cleaned by Quarantine Array 14023 | -7/Zion | Discovered new exit (range 11) 14318 | -7/Zion | Learned Factory terminal intel 14736 | -7/Zion | Learned location of Data Miner (-6) 15113 | -7/Zion | Learned location of Recycling (-7) 15121 | -7/Zion | Learned location of Warlord (-4) 15152 | -7/Zion | Learned Factory terminal intel 15743 | -7/Zion | Attacked by Zionites 16153 | -7/Zion | Destroyed Imprinter 16158 | -7/Zion | Extracted access codes from Imprinter's data core 16226 | -7/Zion | Entered Proximity Caves 16509 | -6/Proximity Caves | Spotter reported a threat 16910 | -6/Proximity Caves | Spotted B-75 Beast 17072 | -6/Proximity Caves | Destroyed B-75 Beast 17099 | -6/Proximity Caves | Lost 3 parts (2n1u) 17111 | -6/Proximity Caves | Snuck into a huge 0b10 base via the rear entrance 17268 | -6/Proximity Caves | Derelicts attacked a huge 0b10 base 17320 | -6/Proximity Caves | Build established: Scavenger-Tank 17399 | -6/Proximity Caves | Discovered new exit (range 7) 17930 | -6/Proximity Caves | Build established: Commander-Tank 18308 | -6/Proximity Caves | Entered Factory 18308 | -6/Factory | Accompanied by 9 allies 18308 | -6/Factory | Evolved 2 slots: Utility x2 18309 | -6/Factory | Identified exit to Factory 18310 | -6/Factory | Loaded intel: 26 terminal locations 18332 | -6/Factory | Discovered new exit (range 11) 18632 | -6/Factory | Spotted B-75 Beast 18667 | -6/Factory | Allies destroyed B-75 Beast 18762 | -6/Factory | Fabricated Enh. Autogun (x1) 18983 | -6/Factory | Build established: Scavenger-Gunner 19341 | -6/Factory | Identified exit to Lower Caves 19779 | -6/Factory | Fabricated Enh. Autogun? 20366 | -6/Factory | Sucked down chute 20366 | -6/Factory | Entered Waste 20367 | -6/Waste | Met a frightened Derelict 20381 | -6/Waste | Spotted C-40 Crusher 20386 | -6/Waste | Spotted C-40 Crusher 20387 | -6/Waste | Destroyed C-40 Crusher 20389 | -6/Waste | Spotted C-40 Crusher 20396 | -6/Waste | Destroyed C-40 Crusher 20411 | -6/Waste | Spotted C-40 Crusher 20423 | -6/Waste | Spotted C-40 Crusher 20431 | -6/Waste | Destroyed C-40 Crusher 20445 | -6/Waste | Crushed by Compactor (1 part destroyed, 1 dropped) 20445 | -6/Waste | Destroyed C-40 Crusher 20527 | -6/Waste | Spotted C-40 Crusher 20588 | -6/Waste | Destroyed C-40 Crusher 20631 | -6/Waste | Destroyed C-40 Crusher 20819 | -6/Waste | Build established: Gunner 20900 | -6/Waste | Discovered new exit (range 11) 20971 | -6/Waste | Warlord forces began an assault 21244 | -6/Waste | Entered Factory 21244 | -6/Factory | Accompanied by 19 allies 21245 | -6/Factory | Loaded intel: 26 terminal locations 21944 | -6/Factory | First assault squad dispatched 22078 | -6/Factory | Spotted B-75 Beast 22344 | -6/Factory | Cargo convoy interrupted 22345 | -6/Factory | High security lockdown imminent 22372 | -6/Factory | Found Prototype Protection 22378 | -6/Factory | Destroyed 7 combat bots 22386 | -6/Factory | Found Prototype Device 22386 | -6/Factory | Identified Exp. ECM Suite 22390 | -6/Factory | Found Prototype Device 22390 | -6/Factory | Identified Exp. Thermal Defense Suite 22424 | -6/Factory | Destroyed 7 combat bots 22425 | -6/Factory | High security lockdown engaged 22535 | -6/Factory | Destroyed 10 combat bots 22616 | -6/Factory | Found Powered Armor 22656 | -6/Factory | Entered Lower Caves 22706 | -6/Lower Caves | Spotted B-75 Beast 22979 | -6/Lower Caves | Encountered a Warlord checkpoint 23015 | -6/Lower Caves | Discovered new exit (range 5) 23034 | -6/Lower Caves | Learned Factory machine intel 23048 | -6/Lower Caves | Learned 12 Factory zone layouts 23056 | -6/Lower Caves | Learned Factory machine intel 23181 | -6/Lower Caves | Entered another Lower Caves area 23241 | -6/Lower Caves | Discovered exit to Factory (range 7) 23613 | -6/Lower Caves | Discovered new exit (range 6) 23696 | -6/Lower Caves | Entered Data Miner 23696 | -6/Data Miner | Discovered new exit (range 6) 23727 | -6/Data Miner | Met Data Miner 23757 | -6/Data Miner | Learned location of Section 7 (-2) 23757 | -6/Data Miner | Acquired the access code to Warlord's prototype stash 23784 | -6/Data Miner | Received God Mode back door access code from Data Miner 23805 | -6/Data Miner | Interfaced with the Data Conduit 24063 | -6/Data Miner | Entered Proximity Caves 24220 | -5/Proximity Caves | Learned location of 2 exits from Factory 24718 | -5/Proximity Caves | Discovered exit to Factory (range 15) 24766 | -5/Proximity Caves | Entered Factory 24766 | -5/Factory | Evolved 2 slots: Power x1, Utility x1 24767 | -5/Factory | Identified exit to Upper Caves 24768 | -5/Factory | Identified exit to Factory 24769 | -5/Factory | Identified exit to Extension 24770 | -5/Factory | Loaded intel: 273 machine locations 25071 | -5/Factory | Build established: Scavenger-Gunner 25469 | -5/Factory | Build established: Gunner 26393 | -5/Factory | Intercept squad dispatched 26398 | -5/Factory | Spotted Tracker 26413 | -5/Factory | Destroyed Tracker 26442 | -5/Factory | Spotted Combat Programmer 26462 | -5/Factory | Destroyed Combat Programmer 26591 | -5/Factory | Entered Extension 26592 | -5/Extension | Loaded intel: 32 machine locations 26636 | -5/Extension | Rescued a captive Derelict 26686 | -5/Extension | Build established: Scavenger-Gunner 26703 | -5/Extension | Rescued a captive Derelict 26829 | -5/Extension | Rescued a captive Derelict 27528 | -5/Extension | Spotted B-75 Beast 27540 | -5/Extension | Destroyed B-75 Beast 27583 | -5/Extension | Spotted B-75 Beast 27593 | -5/Extension | Destroyed B-75 Beast 27941 | -5/Extension | Disrupted transfer network 28237 | -5/Extension | Rescued A7 28300 | -5/Extension | Discovered exit to Factory (range 10) 28302 | -5/Extension | Discovered new exit (range 6) 28328 | -5/Extension | Entered Cetus 28328 | -5/Cetus | Accompanied by 1 ally (A7) 28329 | -5/Cetus | Loaded intel: 24 machine locations 28333 | -5/Cetus | Acquired a Cetus Manufacturing Module code from A7 28354 | -5/Cetus | Spotted Cetus Guard 28354 | -5/Cetus | Spotted Cetus Guard 28360 | -5/Cetus | Destroyed Cetus Guard 28360 | -5/Cetus | Spotted Cetus Guard 28362 | -5/Cetus | Allies destroyed Cetus Guard 28362 | -5/Cetus | Spotted Cetus Guard 28366 | -5/Cetus | Destroyed Cetus Guard 28366 | -5/Cetus | Destroyed Cetus Guard 28405 | -5/Cetus | System corruption reached 10% 28460 | -5/Cetus | Started Cetus Manufacturing Module 28485 | -5/Cetus | Manufactured an Enhanced Grunt 28510 | -5/Cetus | Manufactured an Enhanced Grunt 28535 | -5/Cetus | Manufactured an Enhanced Grunt 28560 | -5/Cetus | Manufactured an Enhanced Grunt 28585 | -5/Cetus | Manufactured an Enhanced Grunt 28605 | -5/Cetus | Discovered new exit (range 15) 28653 | -5/Cetus | Spotted Cetus Guard 28653 | -5/Cetus | Spotted Cetus Guard 28663 | -5/Cetus | Spotted Cetus Guard 28665 | -5/Cetus | Allies destroyed Cetus Guard 28665 | -5/Cetus | Spotted Cetus Guard 28668 | -5/Cetus | Destroyed Cetus Guard 28671 | -5/Cetus | Destroyed Cetus Guard 28675 | -5/Cetus | Destroyed Cetus Guard 28696 | -5/Cetus | Destroyed A7 28706 | -5/Cetus | Found Prototype Protection 28707 | -5/Cetus | Identified Med. Regenerative Plating 28718 | -5/Cetus | Extracted ID and sensor layout for unrecognized location from A7's data core 28734 | -5/Cetus | Discovered exit to Factory (range 16) 28745 | -5/Cetus | Met Revision 17 28840 | -5/Cetus | Entered Archives 28840 | -5/Archives | Accompanied by 3 allies 28841 | -5/Archives | Loaded intel: 8 machine locations 29045 | -5/Archives | Discovered exit to Factory (range 15) 29283 | -5/Archives | Discovered new exit (range 16) 29349 | -5/Archives | Discovered new exit (range 15) 29382 | -5/Archives | Entered Hub_04(d) 29382 | -5/Hub_04(d) | Accompanied by 3 allies 29383 | -5/Hub_04(d) | Loaded intel: 140 machine locations 29490 | -5/Hub_04(d) | Discovered exit to Factory (range 9) 29612 | -5/Hub_04(d) | Discovered exit to Factory (range 16) 29697 | -5/Hub_04(d) | Garrison activated, responded to threat 29756 | -5/Hub_04(d) | Discovered exit to Factory (range 14) 29822 | -5/Hub_04(d) | Network Hub disabled 29829 | -5/Hub_04(d) | Entered Factory 29829 | -4/Factory | Evolved 2 slots: Utility x2 29830 | -4/Factory | Loaded intel: 301 machine locations 29830 | -4/Factory | Identified Active Cooling Armor 29913 | -4/Factory | Discovered new exit (range 13) 29952 | -4/Factory | Identified exit to Upper Caves 30662 | -4/Factory | Intercept squad dispatched 30678 | -4/Factory | Spotted Tracker 30682 | -4/Factory | Destroyed Tracker 30693 | -4/Factory | Found Exp. Targeting Computer 30730 | -4/Factory | Spotted Combat Programmer 30736 | -4/Factory | Destroyed Combat Programmer 30744 | -4/Factory | Found Exp. Phase Shifter 30825 | -4/Factory | Entered Upper Caves 30929 | -4/Upper Caves | Learned location of 1 exit from Research 30953 | -4/Upper Caves | Encountered a Warlord checkpoint 31027 | -4/Upper Caves | Attracted the attention of an 0b10 checkpoint 31534 | -4/Upper Caves | Identified exit to Upper Caves 31550 | -4/Upper Caves | Entered another Upper Caves area 31552 | -4/Upper Caves | Attracted the attention of an 0b10 checkpoint 31559 | -4/Upper Caves | Discovered new exit (range 13) 31658 | -4/Upper Caves | Ambushed by research squad 31726 | -4/Upper Caves | Encountered a Warlord checkpoint 32098 | -4/Upper Caves | Discovered new exit (range 12) 32414 | -4/Upper Caves | Entered Warlord 32467 | -4/Warlord | System corruption cleaned by Quarantine Array 32957 | -4/Warlord | Found Vortex Chain Reactor 32971 | -4/Warlord | Found Exp. Armor Integrity Analyzer 33141 | -4/Warlord | Visited the Vortex Lab 33153 | -4/Warlord | Warlord's base attacked by MAIN.C 33159 | -4/Warlord | Met EX-DEC 33294 | -4/Warlord | P-70 Sage assimilated allied X0-80D(g) 33503 | -4/Warlord | Warlord forces counterattacked 33541 | -4/Warlord | Spotted Striker 33571 | -4/Warlord | Spotted Striker 33614 | -4/Warlord | Destroyed 7 combat bots 33653 | -4/Warlord | Spotted B-90 Cyclops 33653 | -4/Warlord | Spotted B-86 Titan 33658 | -4/Warlord | Spotted Executioner 33679 | -4/Warlord | Destroyed Executioner 33701 | -4/Warlord | Found Exp. Core Analyzer 33782 | -4/Warlord | Spotted Striker 33792 | -4/Warlord | Spotted Executioner 33797 | -4/Warlord | Destroyed Executioner 33828 | -4/Warlord | Warlord base infiltrated, sounded retreat 33988 | -4/Warlord | Spotted Executioner 33997 | -4/Warlord | Destroyed Executioner 34045 | -4/Warlord | Destroyed 14 combat bots 34083 | -4/Warlord | Spotted Striker 34083 | -4/Warlord | Spotted Striker 34084 | -4/Warlord | Spotted Executioner 34092 | -4/Warlord | Discovered new exit (range 7) 34112 | -4/Warlord | Destroyed Executioner 34113 | -4/Warlord | System corruption reached 10% 34126 | -4/Warlord | Entered Proximity Caves 34144 | -3/Proximity Caves | Lost 3 parts (1n1u1w) 34193 | -3/Proximity Caves | Attracted the attention of an 0b10 checkpoint 34546 | -3/Proximity Caves | Discovered new exit (range 9) 34558 | -3/Proximity Caves | Identified exit to Research 34559 | -3/Proximity Caves | Entered Research 34559 | -3/Research | Evolved 2 slots: Power x1, Utility x1 34560 | -3/Research | Identified exit to Research 34561 | -3/Research | Loaded intel: 101 machine locations 34759 | -3/Research | Revision forces began assault on 0b10 34778 | -3/Research | Met up with Revision 17++ 35249 | -3/Research | Discovered new exit (range 16) 35259 | -3/Research | Research terminal network offline 35322 | -3/Research | Intercept squad dispatched 35409 | -3/Research | Repaired Weapon Cycler 35469 | -3/Research | Repaired Centrium Heavy Treads 35524 | -3/Research | Repaired Helical Railgun 35681 | -3/Research | Identified exit to Quarantine 35685 | -3/Research | Entered Quarantine 35686 | -3/Quarantine | Loaded intel: 59 machine locations 35748 | -3/Quarantine | Cryocooling Duct disabled 35763 | -3/Quarantine | Ambient heat levels rising (+20) 35763 | -3/Quarantine | Non-combat units ordered to evacuate 35945 | -3/Quarantine | Found Alien Artifact 36127 | -3/Quarantine | Discovered exit to Research (range 10) 36359 | -3/Quarantine | Found Alien Artifact 36513 | -3/Quarantine | Identified Core Reset Matrix 36513 | -3/Quarantine | Identified Subatomic Replicator 36592 | -3/Quarantine | Entered Research 36592 | -2/Research | Evolved 2 slots: Utility x1, Weapon x1 36593 | -2/Research | Loaded intel: 105 machine locations 36661 | -2/Research | Spotted B-90 Cyclops 36688 | -2/Research | Destroyed B-90 Cyclops 37004 | -2/Research | Garrison activated, responded to threat 37114 | -2/Research | Spotted B-90 Cyclops 37139 | -2/Research | Destroyed B-90 Cyclops 37310 | -2/Research | Destroyed 8 combat bots 37424 | -2/Research | Destroyed 8 combat bots 37634 | -2/Research | First assault squad dispatched 37852 | -2/Research | Intercept squad dispatched 37877 | -2/Research | Spotted Tracker 37877 | -2/Research | Spotted Tracker 37886 | -2/Research | Destroyed Tracker 37889 | -2/Research | Destroyed Tracker 37898 | -2/Research | Spotted Combat Programmer 37904 | -2/Research | Spotted Combat Programmer 37910 | -2/Research | Destroyed Combat Programmer 37914 | -2/Research | System corruption reached 10% 37921 | -2/Research | Destroyed Combat Programmer 37953 | -2/Research | Destroyed 12 combat bots 37965 | -2/Research | High security lockdown imminent 38020 | -2/Research | Destroyed 7 combat bots 38045 | -2/Research | High security lockdown engaged 38217 | -2/Research | Garrison activated, responded to threat 38220 | -2/Research | Scanned by Researcher 38224 | -2/Research | Destroyed Investigator 38256 | -2/Research | Spotted Executioner 38260 | -2/Research | Spotted Executioner 38265 | -2/Research | Destroyed Executioner 38314 | -2/Research | Destroyed 28 combat bots 38345 | -2/Research | Destroyed Executioner 38388 | -2/Research | Lost 8 parts (1p4u3w) 38403 | -2/Research | Spotted Striker 38430 | -2/Research | Sterilization system engaged 38430 | -2/Research | Non-combat units ordered to evacuate 38453 | -2/Research | System corruption reached 30% 38473 | -2/Research | Destroyed 26 combat bots 38488 | -2/Research | Core integrity fell below 50% 38499 | -2/Research | Core integrity fell below 20% 38510 | -2/Research | Destroyed by G-73 Enforcer with Phase Gun Last Messages --------------- 38494_ Kicked L-61 Swordsman. 38495_ Flexi-carbon Leg destroyed. 38496_ The unstable cave ceiling collapses. 38496_ L-61 Swordsman crushed by falling debris. 38496_ L-61 Swordsman system corrupted by crushing effect. 38496_ Kicked G-73 Enforcer. 38497_ UDON|FCYSQLQO5VYYCWJ 38497_ Myomer Leg destroyed. 38499_ Dropped Huge Storage Unit. 38500_ Slammed into G-73 Enforcer. 38501_ Extracted 24 matter. 38502_ Dropped Adv. Transmission Jammer. 38502_ Acquired YI-UF0's Bottomless Matter Pit. 38504_ The unstable cave ceiling collapses. 38504_ Adv. Melee Analysis Suite crushed. 38509_ W-44 Eye sends out distress signal. 38509_ Acquired 86 matter. 38510_ The unstable cave ceiling collapses. 38510_ G-73 Enforcer crushed by falling debris. 38510_ G-73 Enforcer system corrupted by crushing effect. Map ----- +----------------------------------------------------+ | ?????????????????????????????????????????????????? | | ?????????????????????????????????????????????????? | | ?????????????????????????????????????????????????? | | ?????????????????????????????????????????????????? | | ?????????????????????????????????????????????????? | | ?????????????????????????????????????????????????? | | ?????"""""""?????????????????????????????????????? | | ?????"""""""?????????????????????????????????????? | | ?????"""""""?????????????????????????????????????? | | ?????????????????????????????????????????????????? | | ?????????????????????????? ?????????????????????? | | ?????"""""""?????????????? ???????????????????? | | ?????"""""""????????##??+# #??????????????????? | | ?????"""""""????????# ?# w #####??????????????? | | ????????????????#####;## ????????????? | | ????????????????? ????????????? | | ?????????????????# ???????????? | | ?????????????????# ????????????? | | ?????????????????# !! g #?????????????? | | ?????????????????# !! #?????????????? | | ??"""??"""???????# !! #?????????????? | | ??"""??"""???????# ???????""??????? | | ??"""??"""????????? % =?????????"""?????? | | ????????????????????#%*% ????????????S"?????? | | ????????????????????#!! [=! ?????????????"""?????? | | #+###################"#"#@######?????????"""?????? | | # #!!%[=%=! #?????????????????? | | # # !=!%=%= #?????????????????? | | # # /*%!! #?????????????????? | | # # =[ #?????????????????? | | #? # g%=%[ *#?????????????????? | | #??? ? ?# */%! #?????????????????? | | ######+#####"#### |%= g##????????????????? | | = ! / !% ###???????????????? | | ! ! !%* ; =! # ##??????????????? | | ]= !#=!=% # #??????????????? | | % * !=; ![ # ##?????????????? | | #######+########### ## !###???????????? | | ## #???###############! # #???????????? | | "" #????????????????#![[ #?######????? | | "" """ "" #????????????????# /=#*#?#=! #????? | | "" """ "" ##???????????????#!!#*!###==[!#????? | | S """ Y" "##?????????????##!#!/!%##%[==#????? | | " "" # ##????????######[##=###"!==[#! # | | " "" ## ## *!*=!]!*%*!! =!%/%/[%%*[* " | | ## ###"######??###!##%!%=*###/*%!#! # | | ? = # """ #????#%##%[**=![#!=![#????? | | ?# # "R" #????#=#!!%=!=%!#!=!!#????? | | ?# =! # " " ######%! #=!*[!%#[! #????? | | ?# ! # # [[###*[%*==######????? | +----------------------------------------------------+ Best States ------------- Heat Dissipation 109 Energy Generation 101 Energy Capacity 950 Matter Stores 1566 Matter Capacity 1800 Sight Range 16 Robot Scan Range 18 Terrain Scan Density 10 Power Amplification 30 Armor Coverage 1800 Resistance: KI 30 Resistance: TH 10 Utility Shielding 90 Weapon Cycling 25 Phase Shifting 20 Evasion (%) 60 Targeting Accuracy 12 Core Analysis 8 Recoil Reduction 4 Kinecelleration 40 Salvage Targeting 4 Offensive Hacking 14 Item Schematics ----------------- Enh. Autogun | -8/Materials | Scanalyzed Lrn. Tractor Beam | -7/Factory | Scanalyzed Gauss Rifle | -7/Factory | Scanalyzed Hacking Suite | -7/Factory | Scanalyzed Mak. Laser | -7/Zion | Archive Matter Compressor | -7/Zion | Archive Hvy. Riot Gun | -7/Zion | Archive Energy Well | -7/Zion | Archive Hvy. Plasma Cannon | -7/Zion | Archive Hvy. Missile Launcher | -7/Zion | Archive Adv. Drone Bay | -7/Zion | Archive Gatling Laser | -7/Zion | Archive Imp. Trap Scanner | -7/Zion | Archive Recalibrator | -7/Zion | Archive Antigrav System | -7/Zion | Archive Shock Absorption System | -7/Zion | Archive Beamcaster | -7/Zion | Archive Mak. Flight Unit | -7/Zion | Archive Battle Cannon | -7/Zion | Free Slug Cannon | -7/Zion | Free Enh. Flamer | -7/Zion | Free Ripper | -7/Zion | Free Combat Drone Bay | -6/Data Miner | Free Lgt. Regenerative Plating | -6/Data Miner | Free Cld. Nuclear Pulse Thruster | -6/Data Miner | Free Prc. Matter Filter | -6/Data Miner | Free Tri-rail Accelerator | -6/Data Miner | Free Impulse Thruster | -6/Data Miner | Free Quantum Capacitor | -6/Data Miner | Free HERF Cannon | -6/Data Miner | Free Quantum Rifle | -6/Data Miner | Free Imp. Remote Force Field | -6/Data Miner | Free Imp. Weapon Cycler | -4/Factory | Hacked Centrium Heavy Treads | -3/Research | Scanalyzed Helical Railgun | -3/Research | Scanalyzed Robot Schematics ------------------ A-02 Transporter | -7/Zion | Archive Y-54 Guardian | -7/Zion | Archive W-25 Informer | -7/Zion | Archive B-60 Warrior | -6/Data Miner | Free H-66 Slayer | -6/Data Miner | Free R-10 Processor | -6/Data Miner | Free G-67 Veteran | -6/Data Miner | Free Fabricated ------------ Enh. Autogun | x1 | -7/Factory Enh. Autogun | x1 | -6/Factory Enh. Autogun | x1 | -6/Factory Alien Tech Used ----------------- None Achievements -------------- None Challenges ------------ None Game ------ Seed ExoskeletonTargetEdition Manual? 0 Play Time 04:50:57 Cumulative 1814.2 hours Start 2023.10.16 @ 14:14:44 End 2023.10.16 @ 21:19:44 Sessions 1 Manual Loads 0 Difficulty Rogue Special Mode None Game No. 634 Rogue 634 Adventurer 0 Explorer 0 Win Type - Total 141 Types 28/13/64/7/1/2/24/1/1 Lore% 96 Gallery% 96 Achievement% 88 Wizard Run 0 Options --------- ASCII 0 Keyboard 0 Movement Numpad Keybinds 0 Fullscreen 2 Font 18/SmallcapsGlow Map View 76x50 Tactical HUD 1 Map Filters NONE Filters NONE Steam 1 RUN: 657a7ef2-0fa4-4373-8a90-f2c344f66a21